Map: Persephone LE

Players

Spirit (souL) - Winner!

  • Race: Terran Terran
  • League: Grandmaster
  • Spawn Location: 11:00

Geralt (Gerald)

  • Race: Protoss Protoss
  • League: Master
  • Spawn Location: 7:00

Event: FEL Cracov 2025

VOD

Have the link to the VOD?

Description

Time

  • Played on: July 27, 2025, 5:56 a.m.
  • Length: 9:20

All games in this series

Show
View Real Time Build Order
Export as new Build Order

Spirit Terran - Winner!

Build Orders:  

Get SALT Encoding   

  12  0:00  SCV  
  13  0:12  SCV  
  14  0:17  Supply Depot  
  14  0:24  SCV  
  15  0:38  SCV  
  15  0:40  Barracks  
  16  0:50  SCV  
  16  0:52  Refinery  
  17  1:03  SCV  
  18  1:09  Engineering Bay  
  18  1:15  SCV  
  19  1:27  Marine  
  19  1:28  Orbital Command  
  20  1:45  Command Center  
  20  1:48  Barracks Reactor  
  21  1:54  SCV  
  21  2:01  Supply Depot  
  21  2:06  SCV  
  22  2:12  Factory  
  22  2:18  SCV  
  22  2:19  Refinery  
  23  2:25  Marine x2  
  25  2:31  SCV  
  26  2:42  Marine x2  
  26  2:43  SCV  
  29  2:57  Starport, Orbital Command  
  29  3:00  SCV  
  30  3:06  Hellion  
  30  3:08  Hellion  
  30  3:12  SCV  
  35  3:22  Supply Depot  
  35  3:24  SCV x2  
  37  3:28  Widow Mine  
  37  3:30  Widow Mine  
  41  3:34  Medivac  
  41  3:36  SCV x2  
  45  3:41  Barracks Tech Lab  
  45  3:48  SCV x2  
  45  3:55  Widow Mine x2  
  48  4:00  SCV x2  
  49  4:05  Barracks  
  48  4:10  Medivac  
  48  4:12  Stimpack, Marine, SCV  
  48  4:13  SCV  
  48  4:15  Bunker  
  48  4:16  Widow Mine  
  52  4:18  Widow Mine  
  54  4:26  Barracks  
  54  4:27  Supply Depot  
  54  4:34  Supply Depot  
  54  4:48  SCV x2  
  54  4:49  Marine  
  54  4:51  Factory Tech Lab  
  57  4:54  Engineering Bay  
  57  4:55  Refinery  
  57  4:58  Supply Depot  
  57  5:00  SCV x2  
  59  5:12  SCV x2  
  59  5:18  Marine x2  
  59  5:20  Starport Reactor  
  53  5:23  Command Center  
  53  5:24  SCV x2, Terran Infantry Weapons Level 1  
  53  5:28  Combat Shield  
  55  5:30  Marauder  
  55  5:31  Marauder  
  55  5:32  Factory Reactor  
  59  5:36  Refinery  
  59  5:37  SCV x2  
  60  5:44  Supply Depot  
  60  5:49  SCV x2  
  62  5:50  Marine x2  
  62  5:53  Marauder, Barracks  
  62  5:54  Marauder  
  62  5:55  Concussive Shells, Barracks  
  68  6:01  SCV x2  
  68  6:05  Missile Turret  
  68  6:07  Medivac  
  68  6:08  Supply Depot  
  68  6:09  Medivac  
  72  6:13  SCV, Marine  
  72  6:14  Marauder  
  72  6:15  Marine  
  72  6:16  SCV  
  78  6:22  Marauder  
  80  6:26  Widow Mine  
  80  6:28  Supply Depot  
  80  6:29  Widow Mine  
  80  6:31  SCV, Marine  
  80  6:32  Supply Depot  
  86  6:33  Marine  
  86  6:36  Marauder  
  86  6:37  Orbital Command  
  89  6:43  Marine  
  89  6:46  Barracks Reactor  
  91  6:47  Barracks Tech Lab  
  91  6:48  SCV  
  91  6:49  Marine  
  91  6:52  Medivac  
  94  6:55  Medivac  
  94  6:57  SCV, Marauder  
  94  7:01  Marine, Orbital Command, Marauder  
  98  7:04  SCV  
  101  7:09  SCV, Marine  
  101  7:10  Marauder  
  105  7:17  SCV  
  105  7:18  Marauder  
  105  7:19  Marine  
  105  7:21  SCV  
  63  7:22  Medivac  
  108  7:23  Marauder  
  108  7:26  Marine  
  108  7:27  Marine  
  106  7:30  Marine  
  106  7:32  Marauder  
  106  7:35  SCV x2  
  106  7:36  Marine  
  108  7:38  SCV  
  108  7:40  Marauder  
  108  7:44  Marine x2  
  105  7:46  Viking  
  105  7:48  SCV x2  
  105  7:49  Marine  
  112  7:53  Marine, Marauder  
  112  7:54  Viking  
  117  7:59  Refinery  
  117  8:01  Marauder  
  117  8:02  Marauder  
  117  8:03  Sensor Tower  
  117  8:04  Marine  
  122  8:05  Marine  
  122  8:09  SCV x2  
  125  8:14  Supply Depot  
  125  8:20  Marine, Viking, SCV, Marauder  
  125  8:23  Marine, Marauder, Command Center  
  133  8:30  Marine  
  133  8:31  Marine, Marauder  
  133  8:33  Medivac  
  130  8:37  Marine  
  130  8:40  Widow Mine x2, Marine  
  128  8:41  Marauder  
  128  8:44  Marauder  
  130  8:48  Marine  
  130  8:49  Marine  
  130  8:52  Starport, Armory  
  130  8:53  Marauder, Ghost Academy  
  130  8:55  Marine  
  130  8:58  Marine  
Show
View Real Time Build Order
Export as new Build Order

Geralt Protoss 

Build Orders: 1 Gate Expand, Blink Stalkers 

Get SALT Encoding   

  12  0:00  Probe  
  13  0:12  Probe  
  14  0:17  Pylon  
  14  0:22  Probe  
  15  0:31  Probe  
  16  0:36  Gateway  
  16  0:39  Probe  
  16  0:46  Assimilator  
  17  0:51  Probe  
  18  1:03  Probe  
  19  1:16  Probe  
  20  1:23  Cybernetics Core  
  20  1:28  Probe  
  21  1:39  Nexus  
  21  1:42  Probe  
  22  1:49  Pylon  
  22  1:54  Assimilator  
  22  1:57  Adept  
  22  1:58  Probe  
  23  2:08  Warp Gate  
  25  2:11  Probe  
  26  2:16  Stalker  
  26  2:23  Probe  
  29  2:35  Probe  
  30  2:37  Twilight Council  
  30  2:47  Probe  
  30  2:51  Stalker  
  30  2:54  Probe, Blink  
  33  2:59  Probe, Shield Battery  
  34  3:06  Probe  
  34  3:11  Probe  
  36  3:18  Probe  
  37  3:24  Gateway  
  37  3:26  Probe  
  38  3:33  Sentry  
  40  3:36  Probe  
  40  3:38  Probe  
  42  3:46  Pylon  
  42  3:49  Probe  
  43  4:02  Probe  
  44  4:03  Probe  
  44  4:04  Nexus  
  44  4:05  Pylon  
  45  4:14  Stalker, Probe  
  45  4:16  Probe  
  49  4:19  Shield Battery  
  49  4:26  Probe  
  49  4:27  Assimilator  
  49  4:28  Probe  
  49  4:29  Assimilator  
  51  4:32  Stalker  
  53  4:38  Probe  
  53  4:40  Probe  
  53  4:45  Robotics Facility  
  52  4:50  Probe  
  52  4:52  Probe  
  54  4:55  Stalker  
  54  4:57  Stalker  
  58  5:03  Probe  
  59  5:10  Probe  
  54  5:15  Probe  
  54  5:20  Probe  
  47  5:22  Probe  
  47  5:27  Probe  
  50  5:28  Probe, Charge  
  50  5:34  Probe  
  52  5:36  Robotics Bay  
  52  5:38  Probe  
  52  5:39  Probe  
  52  5:40  Observer  
  52  5:42  Probe  
  55  5:50  Probe x2  
  55  5:52  Probe  
  55  5:55  Templar Archives  
  58  6:01  Probe x2  
  58  6:02  Probe  
  61  6:05  Shield Battery  
  61  6:06  Colossus  
  61  6:10  Probe  
  61  6:11  Probe, Stalker  
  63  6:12  Stalker  
  63  6:13  Probe  
  68  6:25  Probe  
  75  6:28  Probe x2  
  77  6:33  Pylon  
  77  6:34  Gateway  
  77  6:39  Gateway  
  77  6:48  Extended Thermal Lance  
  77  6:51  Probe x2  
  77  6:53  Gateway  
  77  6:54  Gateway  
  79  7:02  Probe  
  79  7:04  Stalker x2  
  79  7:06  Pylon  
  80  7:11  Zealot x2  
  80  7:13  Colossus  
  85  7:15  Probe  
  85  7:18  Probe  
  71  7:31  Stalker x3  
  67  7:38  Probe  
  67  7:41  Probe  
  67  7:42  Probe  
  66  7:45  Stalker  
  66  7:46  Probe  
  66  7:49  Gateway  
  66  7:50  Observer  
  69  7:53  Probe  
  69  7:54  Probe x2  
  71  8:02  Sentry, Zealot x3  
  71  8:04  Disruptor  
  71  8:05  Probe  
  85  8:19  Gateway  
  86  8:20  Gateway  
  86  8:22  Pylon, Zealot  
  86  8:23  Zealot x2  
  86  8:25  Zealot  
  91  8:27  Zealot  
  81  8:38  Zealot  
  77  8:43  Zealot  
  77  8:44  Zealot x3  
  77  8:48  Zealot x2  
  80  9:01  Zealot  
  87  9:03  Probe x2  
  87  9:05  Zealot x3  
Tags
 
Add a new tag
Caveats
  • Supply blocks, unpowered buildings, or Contaminate may cause inaccurate times.
  • Supply counts are checked every 10 seconds.